 Dungeon Crawl Stone Soup version 0.28-a0-683-ga8797d1ae1 (webtiles) character file.

Game seed: 9800950664907605905

7710 pokeman the Thaumaturge (level 11, -26/61 HPs)
             Began as a Deep Elf Hedge Wizard on Oct 18, 2021.
             Was a Believer of Vehumet.
             Annihilated by a shadow (33 damage)
             ... on level 9 of the Dungeon on Oct 19, 2021.
             The game lasted 00:31:57 (12682 turns).

pokeman the Thaumaturge (Deep Elf Hedge Wizard)    Turns: 12682, Time: 00:31:58

Health: -26/61     AC:  5    Str:  7    XL:     11   Next: 0%
Magic:  8/31       EV: 12    Int: 23    God:    Vehumet [**....]
Gold:   403        SH:  0    Dex: 14    Spells: 15/38 levels left

rFire   . . .      SeeInvis .   I - +2 shortbow (flame)
rCold   . . .      Faith    .   (shield currently unavailable)
rNeg    . . .      Spirit   .   b - +1 leather armour {rPois}
rPois   +          Reflect  .   c - +0 hat
rElec   .          Harm     .   p - +0 cloak
rCorr   .          Rampage  .   (no gloves)
Will    ++...                   (no boots)
Stlth   ++........              E - amulet of the acrobat
HPRegen 0.20/turn               L - ring of willpower
MPRegen 0.22/turn               (no ring)

@: no status effects
A: no striking features
a: Renounce Religion


You were on level 9 of the Dungeon.
You worshipped Vehumet.
Vehumet was pleased with you.
You visited 2 branches of the dungeon, and saw 10 of its levels.
You also visited: Sewer.

You collected 403 gold pieces.

Inventory:

Hand Weapons
 v - a +2 quarterstaff of chaos
 w - a +1 flail of venom
 I - a +2 shortbow of flaming (weapon)
Missiles
 g - 169 arrows (quivered ammo)
 C - 4 throwing nets
 G - 22 bolts
Armour
 b - a +1 leather armour of poison resistance (worn)
 c - a +0 hat (worn)
 p - a +0 cloak (worn)
 H - +0 steam dragon scales
Jewellery
 q - a ring of ice
 x - a ring of fire
 E - an amulet of the acrobat (around neck)
 F - a ring of fire
 L - a ring of willpower (left hand)
Wands
 K - a wand of acid (5)
 N - a wand of iceblast (4)
Scrolls
 a - 2 scrolls of enchant weapon
 d - 3 scrolls of immolation
 h - 9 scrolls of identify
 m - 3 scrolls of teleportation {unknown}
 o - 2 scrolls of fog {unknown}
 r - 5 scrolls of enchant armour {unknown}
 s - 5 scrolls of noise
 u - 3 scrolls of acquirement {unknown}
 y - 3 scrolls of fear {unknown}
Potions
 e - 4 potions of might {unknown}
 f - a potion of berserk rage {unknown}
 j - 3 potions of haste
 l - 4 potions of flight {unknown}
 n - a potion of invisibility {unknown}
 t - 2 potions of cancellation {unknown}
 z - 4 potions of heal wounds {unknown}
 A - a potion of mutation {unknown}
 B - a potion of experience {unknown}
 D - a potion of resistance {unknown}
 J - 3 potions of curing {unknown}
 M - 2 potions of attraction {unknown}


   Skills:
 - Level 4.0 Fighting
 + Level 4.2 Armour
 - Level 3.0 Dodging
 - Level 3.0 Stealth
 * Level 14.4 Spellcasting
 + Level 8.3 Conjurations
 - Level 1.1 Summonings
 - Level 1.1 Translocations
 + Level 7.7 Fire Magic
 - Level 1.0 Ice Magic
 - Level 1.3 Air Magic
 - Level 1.0 Poison Magic
 - Level 1.0 Evocations


You had 15 spell levels left.
You knew the following spells:

 Your Spells              Type           Power      Damage    Failure   Level
a - Magic Dart            Conj           100%       1d8       1%          1
b - Mephitic Cloud        Conj/Pois/Air  32%        N/A       3%          3
c - Call Imp              Summ           21%        N/A       4%          2
d - Blink                 Tloc           N/A        N/A       4%          2
e - Conjure Flame         Conj/Fire      52%        6-21      1%          3
f - Freezing Cloud        Conj/Ice/Air   16%        6-21      34%         5
g - Orb of Destruction    Conj           26%        9d11      82%         7

Your spell library contained the following spells:

 Spells                   Type           Power      Damage    Failure   Level
 Shock                    Conj/Air       100%       1d9       1%          1
 Inner Flame              Hex/Fire       34%        N/A       3%          3
 Ignite Poison            Fire/Tmut/Pois 29%        N/A       4%          3
 Slow                     Hex            16%        N/A       8%          2
 Gell's Gravitas          Tloc           10%        N/A       10%         3
 Lesser Beckoning         Tloc           21%        N/A       10%         3
 Teleport Other           Tloc           21%        N/A       10%         3
 Summon Guardian Golem    Hex/Summ       19%        N/A       13%         3
 Cause Fear               Hex            8%         N/A       45%         4
 Spellforged Servitor     Conj/Summ      19%        N/A       99%         7
 Discord                  Hex            8%         N/A       100%        8


Dungeon Overview and Level Annotations

Branches:
Dungeon (9/15)             Temple (1/1) D:7            Lair (0/6) D:9
    Orc (0/2) D:9           Sewer (visited)

Altars:
Cheibriados
Dithmenos
Elyvilon
Fedhas
Gozag
Hepliaklqana
Kikubaaqudgha
Makhleb
Nemelex Xobeh
Ru
Sif Muna
Trog
Uskayaw
Vehumet
Wu Jian
Yredelemnul
Zin

Shops:
D:4 (


Message History

Your two-headed ogre is moderately wounded.
The fiery explosion engulfs your killer bee!
Your killer bee is almost dead.
The fiery explosion engulfs your centaur!!
You kill your centaur!
Your centaur's corpse dissolves into shadows!
The fiery explosion engulfs your killer bee!!
Your killer bee is almost dead.
The fiery explosion engulfs your killer bee!!
You kill your killer bee!
Your killer bee's corpse dissolves into shadows!
The fiery explosion engulfs your killer bee!!
You kill your killer bee!
Your killer bee's corpse dissolves into shadows!
The fiery explosion engulfs your killer bee!!
You kill your killer bee!
Your killer bee's corpse dissolves into shadows!
Your killer bee dissolves into shadows! x2
Your two-headed ogre dissolves into shadows!
Your bullfrog is engulfed in blazing flames.
You have reached level 11!
Found a stone staircase leading up.
The shadow slips into darkness.
The shadow flickers and vanishes!
Unknown command.
Unknown command.
Found a ring mail.
Your bullfrog hits something but does no damage.
Flame seeps out of something.
The orc skeleton is engulfed in blazing flames.
Vehumet accepts your kill.
The orc skeleton explodes!
Vehumet accepts your kill.
You feel your power returning.
You feel a bit more experienced.
You hear an explosion!
Unknown command.
There is a stone staircase leading up here.
The shadow strikes at you from the darkness!
Ouch! That really hurt!
You die...

********###########********
,,,,,,,,..........,,,,,,,,*
,,*****...........,,,,,,,,*
,,* #.[........#******,,*
,,* #..........# *,,* ,,*
#.........@# *,,* .,*
#..........# *,,* ..*
#$.........# *,,* ..#
#..........# *,,* ..#
#.........)# *,,* ..#
#..........# *,,* ..#
#.........)# *,,* ..#
#..........# *,,* ..#
#..........#######.,*


There were no monsters in sight!

Vanquished Creatures
  Harold (D:7)
  A two-headed ogre (D:9)
  A manticore (D:9)
  A cyclops (D:9)
  A troll (D:9)
  A shadow (D:9)
  A vampire (D:9)
  2 wraiths (D:9)
  6 yaks
  2 wyverns (D:9)
  A steam dragon (D:6)
  An acid dragon (D:9)
  4 water moccasins
  2 black bears
  3 ogres
  7 centaurs
  4 kobold brigands
  3 phantoms
  2 bullfrogs
  2 scorpions
  A gnoll sergeant (D:9)
  A wyvern skeleton (D:5)
  4 wights (D:8)
  2 howler monkeys (D:7)
  2 orc priests
  3 hounds
  2 jellies
  Crazy Yiuf (D:2)
  2 bullfrog skeletons (D:5)
  6 orc wizards
  2 iguanas
  4 ogre zombies (D:9)
  A hound skeleton (D:4)
  3 gnolls (D:5)
  4 river rats (Sewer)
  4 adders
  A shadow imp (D:8)
  A white imp (D:7)
  An ufetubus (D:6)
  2 adder skeletons (D:4)
  4 worms
  2 dart slugs
  23 orcs
  7 bats
  20 endoplasms
  8 giant cockroaches
  9 goblins
  6 hobgoblins
  4 jackals
  10 kobolds
  3 quokkas
  14 ball pythons
  6 frilled lizards
  4 goblin zombies (D:9)
  2 hobgoblin skeletons (D:9)
  A hobgoblin zombie (D:9)
  4 orc skeletons (D:9)
  6 orc zombies (D:9)
  13 rats
239 creatures vanquished.

Vanquished Creatures (collateral kills)
  A hornet zombie (D:9)
  A scorpion (D:2)
  An adder (D:2)
  A gnoll (D:2)
  2 orcs (D:5)
  An orc zombie (D:9)
7 creatures vanquished.

Vanquished Creatures (others)
  2 plants (D:9)
  4 withered plants (D:4)
6 creatures vanquished.

Grand Total: 252 creatures vanquished

Notes
Turn   | Place    | Note
-------+----------+-------------------------------------------
     0 | D:1      | pokeman the Deep Elf Hedge Wizard began the quest for the
                  | Orb.
     0 | D:1      | Reached XP level 1. HP: 10/10 MP: 7/7
   167 | D:1      | Reached XP level 2. HP: 15/15 MP: 3/9
   517 | D:1      | Reached skill level 5 in Spellcasting
   812 | D:1      | Reached XP level 3. HP: 20/20 MP: 8/11
   816 | D:1      | Learned a level 3 spell: Mephitic Cloud
   819 | D:1      | Learned a level 2 spell: Call Imp
   822 | D:1      | Learned a level 2 spell: Blink
   826 | D:1      | Learned a level 3 spell: Conjure Flame
  1460 | D:2      | Found a runed translucent door.
  1461 | D:2      | Noticed Crazy Yiuf
  1559 | D:2      | Reached skill level 1 in Fighting
  1582 | D:2      | Reached skill level 1 in Armour
  1707 | D:2      | Reached XP level 4. HP: 25/25 MP: 9/13
  1802 | D:2      | Found a faded altar of an unknown god.
  2450 | D:2      | Noticed a scorpion
  2512 | D:2      | Killed a scorpion
  2513 | D:2      | Reached skill level 6 in Spellcasting
  2513 | D:2      | Reached skill level 1 in Fire Magic
  2513 | D:2      | Reached XP level 5. HP: 26/29 MP: 2/15
  3044 | D:2      | Killed Crazy Yiuf
  3418 | D:3      | Found a bloodstained altar of Trog.
  4190 | D:4      | Noticed a centaur
  4196 | D:4      | Killed a centaur
  4197 | D:4      | Reached skill level 1 in Air Magic
  4197 | D:4      | Reached XP level 6. HP: 26/34 MP: 14/17
  4205 | D:3      | Reached skill level 1 in Poison Magic
  4359 | D:3      | Learned a level 5 spell: Freezing Cloud
  4579 | D:4      | Noticed a water moccasin
  4591 | D:4      | Killed a water moccasin
  4592 | D:4      | Reached skill level 7 in Spellcasting
  4592 | D:4      | Reached skill level 1 in Ice Magic
  4837 | D:4      | Reached XP level 7. HP: 38/38 MP: 11/19
  5012 | D:4      | Found an ancient bone altar of Kikubaaqudgha.
  5177 | D:4      | Found Ysey's Antique Weapon Shop.
  5308 | D:5      | Entered Level 5 of the Dungeon
  5532 | D:5      | Found a glowing drain.
  5537 | Sewer    | Entered a sewer
  5553 | Sewer    | Reached skill level 8 in Spellcasting
  6162 | D:5      | Learned a level 7 spell: Orb of Destruction
  6292 | D:5      | Reached XP level 8. HP: 36/45 MP: 6/22
  6403 | D:5      | Found an opulent altar of Gozag.
  6480 | D:5      | Reached skill level 9 in Spellcasting
  6977 | D:5      | Found an ornate altar of the Wu Jian Council.
  7340 | D:6      | Found a white marble altar of Elyvilon.
  7586 | D:6      | Reached skill level 5 in Conjurations
  7663 | D:6      | Reached skill level 10 in Spellcasting
  8791 | D:7      | Found a staircase to the Ecumenical Temple.
  8807 | Temple   | Entered the Ecumenical Temple
  8900 | Temple   | Became a worshipper of Vehumet
  8995 | D:7      | Reached XP level 9. HP: 48/49 MP: 16/25
  9067 | D:7      | Noticed Harold
  9136 | D:7      | Killed Harold
  9137 | D:7      | Reached skill level 11 in Spellcasting
  9137 | D:7      | Reached skill level 5 in Fire Magic
  9998 | D:7      | Reached skill level 12 in Spellcasting
 11243 | D:8      | Reached XP level 10. HP: 22/52 MP: 22/28
 11426 | D:8      | Reached * piety under Vehumet
 11426 | D:8      | Offered knowledge of Sandblast by Vehumet.
 11836 | D:9      | Reached skill level 1 in Evocations
 11974 | D:9      | Noticed a two-headed ogre
 11975 | D:9      | Found a staircase to the Orcish Mines.
 12194 | D:9      | Killed a two-headed ogre
 12195 | D:9      | Reached skill level 13 in Spellcasting
 12547 | D:9      | Noticed a manticore
 12580 | D:9      | Noticed a cyclops
 12587 | D:9      | Killed a manticore
 12592 | D:9      | Reached ** piety under Vehumet
 12598 | D:9      | Killed a cyclops
 12599 | D:9      | Reached skill level 14 in Spellcasting
 12602 | D:9      | Offered knowledge of Shock by Vehumet.
 12674 | D:9      | Reached XP level 11. HP: 5/61 MP: 6/31
 12682 | D:9      | Annihilated by a shadow

Illustrated notes

Levels and vault maps discovered:
D:1:      giann_horns, layout_basic
D:2:      minmay_chambers_of_ones, layout_basic, basic_ecumenical_altar,
          minmay_misc_feat_rugged, minmay_increasing_density,
          uniq_crazy_yiuf_cottage
D:3:      layout_rooms, trog_butcher_becter, serial_curves, eino_curves_04,
          eino_curves_04, eino_curves_04, eino_curves_04
D:4:      layout_cave_pools, kiku_gazebo_garden_becter, serial_shops,
          kennysheep_mini
D:5:      layout_basic, nzn_wu_jian_council_hall, mainiacjoe_overflow_alcove_4,
          gup_sewer_entry_spiral, serial_co_window_serial, co_window_paths_a,
          co_window_corner_a, co_window_paths_a, co_window_paths_a,
          co_window_paths_a, co_window_paths_a, co_window_2corner,
          co_window_corner_b, co_window_corner_cb, co_window_broadway_b,
          co_window_corner_b, co_window_paths_e, glass_columns_a,
          glass_columns_b, glass_columns_a, glass_columns_c, minmay_crystal_room
D:6:      layout_basic, mainiacjoe_overflow_alcove_1, kennysheep_generic_room_15
D:7:      layout_loops_ring, minmay_temple_entry_proselytizer, uniq_harold
D:8:      layout_loops_cross, serial_park_tiny_1
D:9:      cheibrodos_fzero, layout_long_grid, david_lair_generic,
          zombieorc1_lemuel
Temple:   regret_index_temple_sphere_string

Skill      XL: |  1  2  3  4  5  6  7  8  9 10 |
---------------+-------------------------------+-----
Spellcasting   | 5 6 7 8 10 12 14 | 14.4
Fighting       | 1 2 3 4 |  4.0
Armour         | 1 2 3 4 |  4.2
Conjurations   | 2 3 4 5 7 8 |  8.3
Dodging        | 3 |  3.0
Fire Magic     | 1 2 3 4 6 7 |  7.7
Stealth        | 3 |  3.0
Air Magic      | 1 |  1.3
Poison Magic   | 1 |  1.0
Ice Magic      | 1 |  1.0
Evocations     | 1 |  1.0
Summonings     | |  1.1
Translocations | |  1.1

Action                   |  1- 3 |  4- 6 |  7- 9 | 10-12 || total
-------------------------+-------+-------+-------+-------++-------
Melee: Dagger            |       |     6 |       |       ||     6
       Quarterstaff      |       |    11 |    98 |     1 ||   110
       Flail             |       |       |    18 |     9 ||    27
 Fire: Shortbow          |       |       |       |    72 ||    72
 Cast: Magic Dart        |   115 |   119 |   235 |    50 ||   519
       Call Imp          |     2 |     5 |     4 |       ||    11
       Mephitic Cloud    |       |     4 |    29 |    15 ||    48
       Conjure Flame     |       |     3 |    22 |    26 ||    51
       Blink             |       |       |     3 |     7 ||    10
Evoke: Wand              |       |       |       |     3 ||     3
  Use: Scroll            |       |       |       |     5 ||     5
 Stab: Confused          |       |     1 |     7 |       ||     8
       Paralysed         |       |       |     2 |       ||     2
       Sleeping          |       |       |     1 |       ||     1
Armor: Robe              |     2 |     3 |       |       ||     5
       Leather armour    |       |     1 |    27 |     6 ||    34
Dodge: Dodged            |    14 |    11 |   104 |    31 ||   160

Table legend: (Time is in decaauts)
 A = Elapsed time spent in this place.
 B = Non-inter-level travel time spent in this place.
 C = Inter-level travel time spent in this place.
 D = Time resting spent in this place.
 E = Time spent auto-exploring this place.
 F = Levels seen in this place.
 G = Mean time per level.
                   A        B        C        D        E       F      G
               +--------+--------+--------+--------+--------+-----+--------+
         Total |  12854 |  12596 |    258 |   1012 |   9411 |  11 | 1168.5 |
       Dungeon |  12121 |  11883 |    238 |    959 |   8951 |   9 | 1346.8 |
        Temple |    106 |     86 |     20 |      0 |     73 |   1 |  106.0 |
         Sewer |    625 |    625 |      0 |     53 |    387 |   1 |  625.0 |
               +--------+--------+--------+--------+--------+-----+--------+

Top non-repeatable levels by time:
     D:2: 2122 daAuts
     D:7: 1563 daAuts
     D:5: 1484 daAuts
     D:6: 1468 daAuts
     D:8: 1236 daAuts
     D:1: 1158 daAuts
     D:3: 1067 daAuts
     D:9: 1057 daAuts
     D:4: 964 daAuts
   Sewer: 625 daAuts
  Temple: 106 daAuts
